 Dungeon Crawl Stone Soup version 0.30.0-19-g36f170ea60 (webtiles) character file.

Game seed: 12741223039376080115

197 Irreverend the Trooper (level 5, -2/47 HPs)
             Began as a Hill Orc Fighter on May 27, 2023.
             Slain by a gnoll
             ... wielding a +0 halberd
              (12 damage)
             ... on level 2 of the Dungeon.
             The game lasted 00:01:13 (1484 turns).

Irreverend the Trooper (Hill Orc Fighter)           Turns: 1484, Time: 00:01:13

Health: -2/47      AC:  7    Str: 21    XL:     5   Next: 75%
Magic:  5/5        EV:  9    Int:  8    God:
Gold:   75         SH:  4    Dex: 10    Spells: 4/4 levels left

rFire   . . .        a - +0 long sword
rCold   . . .        c - +0 buckler
rNeg    . . .        b - +0 scale mail
rPois   .            (no helmet)
rElec   .            (no cloak)
rCorr   .            (no gloves)
SInv    .            (no boots)
Will    .....        (no amulet) Stlth
                     (no ring)
HPRegen 0.27/turn    (no ring)
MPRegen 0.09/turn

%: no passive effects
@: no status effects
A: no striking features
a: no special abilities


You were on level 2 of the Dungeon.
You visited 1 branch of the dungeon, and saw 2 of its levels.

You collected 75 gold pieces.

Inventory:

Hand Weapons
 a - a +0 long sword (weapon)
Armour
 b - a +0 scale mail (worn)
 c - a +0 buckler (worn)
Scrolls
 e - a scroll of brand weapon {unknown}
 i - a scroll of silence {unknown}
 j - a scroll of noise {unknown}
 k - a scroll of teleportation {unknown}
 l - a scroll of amnesia {unknown}
 m - a scroll of fear {unknown}
Potions
 d - a potion of might
 f - 3 potions of attraction {unknown}
 g - a potion of lignification {unknown}
 h - 3 potions of curing {unknown}
 n - a potion of mutation {unknown}


   Skills:
 + Level 4.7 Fighting
 * Level 4.3 Long Blades
 + Level 4.2 Armour
 + Level 4.2 Shields


You had 4 spell levels left.
You didn't know any spells.
Your spell library contained the following spells:

 Spells                   Type           Power      Damage    Failure   Level
 Cigotuvi's Dreadful Rot  Necr/Pois/Air  0%         N/A       91%         2
 Ignite Poison            Fire/Tmut/Pois 0%         N/A       99%         3
 Freezing Cloud           Conj/Ice/Air   0%         6-21      100%        5


Dungeon Overview and Level Annotations

Branches:
Dungeon (2/15)

Altars:


Message History

a +0 scythe; a +0 robe; the human corpse of Sigmund
l - a scroll labelled COIGUNK ZESITE
m - a scroll labelled UFIMMU NEVEAS
Found a stone staircase leading down.
No target in view!
n - a fizzy pink potion A gnoll comes into view.
It is wielding a +0 spear.
The gnoll shouts!
A gnoll comes into view. It is wielding a +0 halberd. x2
The gnoll moves out of view.
There are monsters nearby!
A gnoll comes into view. It is wielding a +0 flail.
The gnoll shouts!
Found a stone staircase leading up.
The gnoll hits you with a +0 halberd. You block the gnoll's attack.
You hit the gnoll.
The gnoll is moderately wounded.
The gnoll closely misses you. x2
You hit the gnoll but do no damage.
The gnoll is moderately wounded.
The gnoll closely misses you.
The gnoll hits you from afar with a +0 halberd!
You barely miss the gnoll.
The gnoll is moderately wounded.
The gnoll hits you with a +0 halberd! The gnoll barely misses you.
You hit the gnoll.
The gnoll is almost dead.
The gnoll hits you with a +0 halberd! You block the gnoll's attack.
The gnoll hits you from afar with a +0 halberd!
* * * LOW HITPOINT WARNING * * *
The gnoll barely misses you.
You are too injured to fight recklessly!
You are too injured to fight recklessly!
You are too injured to fight recklessly!
You are too injured to fight recklessly!
You are too injured to fight recklessly!
You slash the gnoll!
You kill the gnoll!
The gnoll hits you from afar with a +0 halberd!
You die...

###########
###.........# ##
#.........#.#
##..g#####.#..##.#.#.#
#<..gg)@...#..##.#.#.#
##...#######.....#.#.#
... #.........# #
##>.###.### #..###.#
#......# ##.#####
##.## #### .
##...#####...


You could see 3 gnolls.

Vanquished Creatures
  Sigmund (D:2)
  A gnoll (D:2)
  An adder (D:2)
  6 ball pythons
  A bat (D:1)
  7 endoplasms
  2 giant cockroaches (D:1)
  3 goblins
  2 hobgoblins (D:1)
  2 kobolds
  A frilled lizard (D:1)
  A rat (D:2)
28 creatures vanquished.

Notes
Turn   | Place    | Note
-------+----------+-------------------------------------------
     0 | D:1      | Irreverend the Hill Orc Fighter began the quest for the
                  | Orb.
     0 | D:1      | Reached XP level 1. HP: 19/19 MP: 1/1
   204 | D:1      | Reached XP level 2. HP: 20/27 MP: 2/2
  1160 | D:2      | Reached XP level 3. HP: 25/33 MP: 3/3
  1346 | D:2      | Noticed Sigmund
  1357 | D:2      | Killed Sigmund
  1358 | D:2      | Reached XP level 4. HP: 24/41 MP: 4/4
  1358 | D:2      | Reached XP level 5. HP: 28/47 MP: 5/5
  1484 | D:2      | Slain by a gnoll

Illustrated notes

Levels and vault maps discovered:
D:1:      lightli_arrival_windingriver, layout_basic,
          amcnicky_mini_rare_corridor_liquid, minmay_fountain_box,
          chequers_decorated_corner, chequers_serial_rivers_micro_b
D:2:      layout_loops_corners, minmay_misc_feat_secret_circle, uniq_sigmund,
          uniq_jessica

Skill      XL: |  1  2  3 |
---------------+----------+-----
Fighting       | 4 |  4.7
Long Blades    | 4 |  4.3
Armour         | 4 |  4.2
Shields        | 4 |  4.2

Action                     |  1- 3 |  4- 6 || total
---------------------------+-------+-------++-------
  Melee: Long sword        |   103 |     5 ||   108
 Armour: Scale mail        |    58 |       ||    58
  Dodge: Dodged            |    50 |     5 ||    55
  Block: Buckler           |    32 |     2 ||    34
